 Dungeon Crawl Stone Soup version 0.26-a0-366-gd6aadd2 (webtiles) character file.

Game seed: 9215750760038730474

294 AcesWolf the Skirmisher (level 6, -5/53 HPs)
             Began as a Gnoll Wanderer on July 19, 2020.
             Slain by an iguana (8 damage)
             ... on level 3 of the Dungeon.
             The game lasted 00:10:03 (1859 turns).

AcesWolf the Skirmisher (Gnoll Wanderer)            Turns: 1859, Time: 00:10:04

Health: -5/53      AC:  1    Str: 17 (18) XL:     6   Next: 34%
Magic:  17/17      EV: 13    Int: 13      God:
Gold:   97         SH:  0    Dex: 14      Spells: 8/8 levels left

rFire    x . .     SeeInvis .   n - +0 scythe
rCold    + . .     Faith    .   (shield currently unavailable)
rNeg     . . .     Spirit   .   (no armour)
rPois    .         Reflect  .   o - +1 hat
rElec    .         Harm     .   (no cloak)
rCorr    .                      (no gloves)
MR       .....                  (no boots)
Stlth    +++.......             (no amulet)
HPRegen  0.17/turn              g - ring of magical power
MPRegen  0.15/turn              k - ring of ice

@: no status effects
A: distributed training, fangs 1, strong nose
a: no special abilities


You were on level 3 of the Dungeon.
You visited 1 branch of the dungeon, and saw 3 of its levels.

You collected 97 gold pieces.

Inventory:

Hand Weapons
 a - a +0 flail
 n - a +0 scythe (weapon)
Armour
 o - a +1 hat (worn)
Jewellery
 g - a ring of magical power (left hand)
 k - a ring of ice (right hand)
Wands
 p - a wand of random effects (17)
Scrolls
 b - 2 scrolls of fear
 e - 2 scrolls of teleportation {unknown}
 h - a scroll of identify {unknown}
 j - a scroll of amnesia {unknown}
 l - a scroll of remove curse {unknown}
 m - a scroll of random uselessness {unknown}
Potions
 c - a potion of lignification
 f - a potion of degeneration
 i - a potion of ambrosia {unknown}


   Skills:
 + Level 6.8 Fighting
 + Level 1.8 Short Blades
 + Level 1.8 Long Blades
 + Level 1.8 Axes
 + Level 1.8 Maces & Flails
 + Level 1.8 Polearms
 + Level 1.8 Staves
 + Level 1.8 Slings
 + Level 3.2 Bows
 + Level 1.8 Crossbows
 + Level 1.8 Throwing
 + Level 3.2 Armour
 + Level 3.2 Dodging
 + Level 4.5 Stealth
 + Level 3.2 Shields
 + Level 3.2 Unarmed Combat
 + Level 1.8 Spellcasting
 + Level 1.4 Conjurations
 + Level 1.4 Hexes
   Level 0.0 Charms
 + Level 1.4 Summonings
 + Level 1.4 Necromancy
 + Level 1.4 Translocations
 + Level 1.4 Transmutations
 + Level 1.4 Fire Magic
 + Level 1.4 Ice Magic
 + Level 1.4 Air Magic
 + Level 1.4 Earth Magic
 + Level 1.4 Poison Magic
 + Level 2.0 Invocations
 + Level 1.8 Evocations


You had 8 spell levels left.
You didn't know any spells.
Your spell library was empty.

Dungeon Overview and Level Annotations

Branches:
Dungeon (3/15)

Altars:
Ashenzari
Cheibriados
Elyvilon


Innate Abilities, Weirdness & Mutations

Your experience applies equally to all skills.
You have very sharp teeth.
Your uncanny sense of smell can sniff out nearby items.


Message History

An iguana comes into view.
You are too injured to fight recklessly!
You are too injured to fight recklessly!
You barely miss the iguana.
The iguana hisses angrily.
You bite the iguana, but do no damage. The iguana bites you.
The iguana bites you!
* * * LOW HITPOINT WARNING * * *
You barely miss the iguana. The iguana closely misses you.
The iguana barely misses you.
You slash the iguana!
The iguana is heavily wounded.
The iguana bites you!
* * * LOW HITPOINT WARNING * * *
The iguana hisses menacingly.
The iguana barely misses you.
You barely miss the iguana.
The iguana is heavily wounded.
The iguana bites you!
You die...

... #.. ..... ###.#
.....##...## ∆
...#.......### .#
..........[..# .#.....
..........[..# .#....#
#............##.#....###
#...............#.......
#.....l@...>............
#..........|...###......
#.#.....####...###......
..........##............
........................
..........#............. ∆
........................ .
.###.#####....#.........
..#####+#<.......##........


You could see an iguana.

Vanquished Creatures
  Sigmund (D:3)
  A centaur skeleton (D:3)
  Ijyb (D:3)
  2 adders (D:2)
  An ooze (D:2)
  2 dart slugs
  3 leopard geckos
  An orc (D:2)
  4 ball pythons
  4 bats
  2 giant cockroaches (D:2)
  6 goblins
  5 hobgoblins
  A jackal (D:2)
  8 kobolds
  3 quokkas (D:2)
  3 frilled lizards
  6 rats
54 creatures vanquished.

Notes
Turn   | Place    | Note
-------+----------+-------------------------------------------
     0 | D:1      | AcesWolf the Gnoll Wanderer began the quest for the Orb.
     0 | D:1      | AcesWolf set off with the following items: a +2 dagger, a
                  | scroll of fear, a potion of lignification, a +0 ring mail
     0 | D:1      | Reached XP level 1. HP: 23/23 MP: 1/1
    42 | D:1      | Reached XP level 2. HP: 28/29 MP: 2/2
   156 | D:1      | Found a shattered altar of Ashenzari.
   336 | D:1      | Reached XP level 3. HP: 29/35 MP: 3/3
   837 | D:2      | Reached skill level 1 in Invocations
   862 | D:2      | Found a shattered altar of Ashenzari.
   862 | D:2      | Found a snail-covered altar of Cheibriados.
  1050 | D:2      | Reached skill level 1 in Short Blades
  1050 | D:2      | Reached skill level 1 in Long Blades
  1050 | D:2      | Reached skill level 1 in Axes
  1050 | D:2      | Reached skill level 1 in Maces & Flails
  1050 | D:2      | Reached skill level 1 in Polearms
  1050 | D:2      | Reached skill level 1 in Staves
  1050 | D:2      | Reached skill level 1 in Slings
  1050 | D:2      | Reached skill level 1 in Crossbows
  1050 | D:2      | Reached skill level 1 in Throwing
  1050 | D:2      | Reached skill level 1 in Spellcasting
  1050 | D:2      | Reached skill level 1 in Evocations
  1054 | D:2      | Reached XP level 4. HP: 41/41 MP: 5/5
  1249 | D:2      | Found a white marble altar of Elyvilon.
  1691 | D:3      | Noticed Sigmund
  1692 | D:3      | Noticed Ijyb
  1719 | D:3      | Killed Sigmund
  1719 | D:3      | Reached skill level 1 in Conjurations
  1719 | D:3      | Reached skill level 1 in Hexes
  1719 | D:3      | Reached skill level 1 in Summonings
  1719 | D:3      | Reached skill level 1 in Necromancy
  1719 | D:3      | Reached skill level 1 in Translocations
  1719 | D:3      | Reached skill level 1 in Transmutations
  1719 | D:3      | Reached skill level 1 in Fire Magic
  1719 | D:3      | Reached skill level 1 in Ice Magic
  1719 | D:3      | Reached skill level 1 in Air Magic
  1719 | D:3      | Reached skill level 1 in Earth Magic
  1719 | D:3      | Reached skill level 1 in Poison Magic
  1719 | D:3      | Reached XP level 5. HP: 24/47 MP: 7/7
  1719 | D:3      | Reached XP level 6. HP: 27/53 MP: 8/8
  1758 | D:3      | Killed Ijyb
  1859 | D:3      | Slain by an iguana

Illustrated notes

Levels and vault maps discovered:
D:1:      lemuel_arrival_muddy, layout_rooms, serial_bayou_pond_d,
          ashenzari_altar_1
D:2:      layout_loops_ring, lemuel_crystal_altar,
          gammafunk_temple_overflow_wave, minmay_pentomino_x4
D:3:      layout_basic, chequers_serial_rivers_small_b, uniq_grinder, uniq_ijyb,
          uniq_sigmund

Skill      XL: |  1  2  3  4 |
---------------+-------------+-----
Invocations    | 1 2 |  2.0
Short Blades   | 1 |  1.8
Long Blades    | 1 |  1.8
Axes           | 1 |  1.8
Maces & Flails | 1 |  1.8
Polearms       | 1 |  1.8
Staves         | 1 |  1.8
Slings         | 1 |  1.8
Crossbows      | 1 |  1.8
Throwing       | 1 |  1.8
Spellcasting   | 1 |  1.8
Evocations     | 1 |  1.8
Bows           | 3 |  3.2
Armour         | 3 |  3.2
Dodging        | 3 |  3.2
Shields        | 3 |  3.2
Unarmed Combat | 3 |  3.2
Conjurations   | 1 |  1.4
Hexes          | 1 |  1.4
Summonings     | 1 |  1.4
Necromancy     | 1 |  1.4
Translocations | 1 |  1.4
Transmutations | 1 |  1.4
Fire Magic     | 1 |  1.4
Ice Magic      | 1 |  1.4
Air Magic      | 1 |  1.4
Earth Magic    | 1 |  1.4
Poison Magic   | 1 |  1.4
Fighting       | |  6.8
Stealth        | |  4.5

Action                   |  1- 3 |  4- 6 || total
-------------------------+-------+-------++-------
Melee: Dagger            |   102 |     1 ||   103
       Bite              |    12 |     8 ||    20
       Punch             |     1 |       ||     1
       Flail             |       |    61 ||    61
       Hand axe          |       |    22 ||    22
       Scythe            |       |     4 ||     4
  Use: Potion            |       |     3 ||     3
 Stab: Sleeping          |     7 |     3 ||    10
       Distracted        |     1 |       ||     1
       Invisible         |       |     5 ||     5
Armor: Ring mail         |    50 |    38 ||    88
Dodge: Dodged            |    60 |    94 ||   154

Table legend: (Time is in decaauts)
 A = Elapsed time spent in this place.
 B = Non-inter-level travel time spent in this place.
 C = Inter-level travel time spent in this place.
 D = Time resting spent in this place.
 E = Time spent auto-exploring this place.
 F = Levels seen in this place.
 G = Mean time per level.
                   A        B        C        D        E       F      G
               +--------+--------+--------+--------+--------+-----+--------+
         Total |   1882 |   1632 |    250 |     68 |   1142 |   3 |  627.3 |
       Dungeon |   1882 |   1632 |    250 |     68 |   1142 |   3 |  627.3 |
               +--------+--------+--------+--------+--------+-----+--------+
